 Dungeon Crawl Stone Soup version 0.30.0-29-ga12c61a403 (webtiles) character file.

Game seed: 5889294955722323678

15615 NotreDorf the Nimble (level 12, -2/95 HPs)
             Began as a Merfolk Hedge Wizard on June 17, 2023.
             Was an Elder of Vehumet.
             Slain by a skeletal warrior
             ... wielding a +0 glaive
              (23 damage)
             ... on level 12 of the Dungeon.
             The game lasted 01:08:29 (13166 turns).

NotreDorf the Nimble (Merfolk Hedge Wizard)        Turns: 13166, Time: 01:08:30

Health: -2/95      AC: 14    Str: 10    XL:     12   Next: 28%
Magic:  33/33      EV: 16    Int: 21    God:    Vehumet [****..]
Gold:   526        SH:  3    Dex: 14    Spells: 11/27 levels left

rFire   + . .        r - +8 lance "Wyrmbane" {slay drac, rPois rF+ rC+ AC+3}
rCold   + . .        h - +0 buckler
rNeg    . . .        x - +0 troll leather armour
rPois   +            k - +0 helmet {Int+3}
rElec   .            z - +1 cloak {rCorr}
rCorr   +            (no gloves)
SInv    .            (no boots)
Will    .....        w - amulet of regeneration
Stlth   ++           J - ring of magical power
HPRegen 1.95/turn    F - +4 ring of protection
MPRegen 0.23/turn

%: no passive effects
@: no status effects
A: (nimble swimmer 2), mertail
a: Renounce Religion


You were on level 12 of the Dungeon.
You worshipped Vehumet.
Vehumet was greatly pleased with you.
You visited 3 branches of the dungeon, and saw 14 of its levels.

You collected 586 gold pieces.
You spent 60 gold pieces at shops.

Inventory:

Hand Weapons
 r - the +8 lance "Wyrmbane" (weapon) {slay drac, rPois rF+ rC+ AC+3}
   (You took it off an orc on level 8 of the Dungeon)

   AC:        It affects your AC (+3).
   rF:        It protects you from fire.
   rC:        It protects you from cold.
   rPois:     It protects you from poison.
Armour
 h - a +0 buckler (worn)
 k - a +0 helmet of intelligence (worn)
 x - a +0 troll leather armour (worn)
 z - a +1 cloak of preservation (worn)
Jewellery
 b - a ring of ice
 c - a ring of protection from fire
 g - the amulet "Noaghimm" {Faith +Inv Dex+2 Stlth+}
   (You found it on level 9 of the Dungeon)

   [amulet of faith]

   It allows you to gain divine favour quickly.
   Dex:       It affects your dexterity (+2).
   +Inv:      It lets you turn invisible.
   Stlth:     It makes you more stealthy.
 o - a ring of protection from cold
 s - a ring of flight
 w - an amulet of regeneration (around neck)
 C - an amulet of magic regeneration
 E - a ring of ice
 F - a +4 ring of protection (right hand)
 J - a ring of magical power (left hand)
Wands
 n - a wand of flame (17)
 y - a wand of charming (9)
 B - a wand of polymorph (7)
 H - a wand of digging (7)
Scrolls
 e - a scroll of butterflies
 m - 2 scrolls of fog
 p - 4 scrolls of identify
 u - 4 scrolls of fear
 D - a scroll of enchant armour
 I - 4 scrolls of brand weapon {unknown}
Potions
 a - 6 potions of curing
 d - a potion of magic
 f - a potion of heal wounds {unknown}
 i - 2 potions of cancellation
 j - 3 potions of lignification
 l - 4 potions of might
 q - a potion of berserk rage
 t - a potion of brilliance
 v - a potion of flight
 A - a potion of ambrosia
 G - a potion of invisibility {unknown}


   Skills:
 + Level 9.1 Fighting
 - Level 3.3 Short Blades
 + Level 10.0 Polearms
 + Level 11.4 Dodging
 - Level 2.1 Stealth
 + Level 8.4 Spellcasting
 + Level 7.1 Conjurations
 - Level 1.0 Summonings
 - Level 0.7 Translocations
 + Level 6.6 Poison Magic


You had 11 spell levels left.
You knew the following spells:

 Your Spells              Type           Power      Damage    Failure   Level
a - Magic Dart            Conj           100%       1d8       1%          1
b - Blink                 Tloc           22%        N/A       17%         2
c - Mephitic Cloud        Conj/Pois/Air  28%        N/A       1%          3
d - Iskenderun's Mystic   Conj/Tloc      25%        2d7       9%          4
e - Poisonous Vapours     Pois/Air       44%        N/A       1%          2
f - Fulminant Prism       Conj/Hex       11%        3d8       10%         4

Your spell library contained the following spells:

 Spells                   Type           Power      Damage    Failure   Level
 Irradiate                Conj/Tmut      11%        3d15      24%         5
 Searing Ray              Conj           76%        2d7       1%          2
 Cigotuvi's Dreadful Rot  Necr/Pois/Air  36%        N/A       10%         2
 Summon Small Mammal      Summ           52%        N/A       11%         1
 Volatile Blastmotes      Fire/Tloc      20%        2d11      11%         3
 Apportation              Tloc           22%        N/A       12%         1
 Necrotise                Necr           32%        1d5       16%         1
 Slow                     Hex            32%        N/A       16%         1
 Call Imp                 Summ           26%        N/A       16%         2
 Lee's Rapid Deconstruct  Erth           4%         3d5*      69%         5
 Animate Dead             Necr           8%         N/A       83%         4
 Haunt                    Necr/Summ      5%         N/A       100%        7
 Infestation              Necr           4%         N/A       100%        8
 Chain Lightning          Conj/Air       11%        3d15      100%        9
 Fire Storm               Conj/Fire      11%        8d3       100%        9
 Shatter                  Erth           4%         3d7*      100%        9


Dungeon Overview and Level Annotations

Branches:
Dungeon (12/15)            Temple (1/1) D:5            Lair (1/5) D:10
    Orc (0/2) D:12

Altars:
Ashenzari
Dithmenos
Elyvilon
Fedhas
Hepliaklqana
Kikubaaqudgha
Makhleb
Okawaru
Qazlal
Sif Muna
Trog
Vehumet
Wu Jian
Yredelemnul
Zin
Jiyva

Shops:
D:2 [   D:3 *!   D:10 (

Portals:
Abyss: D:7
Trove: D:10 (show slimy rune of Zot)

Annotations:
D:5 3 runed translucent doors, leafyfresh's ghost, novice GnDe
D:7 2 transporters, suzumiya's ghost, novice MiFi


Innate Abilities, Weirdness & Mutations

((You are very nimble when in or above water. (Stealth+, EV+, Speed+++)))
Your lower body shifts to a powerful aquatic tail in water.


Message History

The skeletal warrior hits you from afar with a +0 glaive!!
The brown ugly thing stings you!
You are splashed with acid.
You resist.
You puncture the brown ugly thing!
You kill the brown ugly thing!
Vehumet accepts your kill.
You block the skeletal warrior's attack.
Your Polearms skill increases to level 10!
The skeletal warrior hits you with a +0 glaive!
You hit the skeletal warrior.
The skeletal warrior is lightly damaged.
You hit the skeletal warrior but do no damage.
The skeletal warrior is lightly damaged.
The skeletal warrior completely misses you.
You closely miss the skeletal warrior.
The skeletal warrior is lightly damaged.
The skeletal warrior hits you with a +0 glaive!
You hit the skeletal warrior but do no damage.
The skeletal warrior is lightly damaged.
You are no longer corroded.
You hit the skeletal warrior but do no damage.
The skeletal warrior is lightly damaged.
The skeletal warrior hits you but does no damage.
You hit the skeletal warrior but do no damage.
The skeletal warrior is lightly damaged.
The skeletal warrior hits you but does no damage.
You closely miss the skeletal warrior.
The skeletal warrior is lightly damaged.
You hit the skeletal warrior but do no damage.
The skeletal warrior is lightly damaged.
You block the skeletal warrior's attack.
You hit the skeletal warrior.
The skeletal warrior is lightly damaged.
The skeletal warrior hits you with a +0 glaive!!
* * * LOW HITPOINT WARNING * * *
Press: ? - help, v - describe, . - travel The floor, spattered with blood.
The skeletal warrior attacks as you move away!
The skeletal warrior hits you but does no damage.
The skeletal warrior hits you from afar with a +0 glaive!!
You die...

.....bb.b......# ##.###.....
###....b....##.###.#........
#.#.b...#.##.##.###.#.####
#.#.b..##z##.#.## ##..#
######...#.###z##.##.###.#.#
.........### #z##...J.#....#
#######.## #z#######...###
#.# #.# ##..# #.# #@# #..#
#.# #.# #..# #.# #.# #..#
#.# #.# #..## #.# #.#
###...##### #.# #.#
##.)........ #.#
#.#####.>.#.###### #.#
#...........# # #.#
#.#####.<.#.# #


You could see 4 skeletal warriors.

Vanquished Creatures
  Fannar (D:10)
  A vault guard (D:10)
  A boulder beetle (D:12)
  Sonja (D:11)
  2 oklob plants (D:10)
  2 ugly things
  Maurice (D:8)
  Maggie (D:8)
  A kobold demonologist (D:11)
  A tengu conjurer (D:8)
  A komodo dragon (D:10)
  A freezing wraith (D:12)
  A troll (D:10)
  A hornet (D:11)
  9 slime creatures
  4 wraiths
  3 wyverns
  2 shadows (D:12)
  12 yaks (D:11)
  Grum (D:8)
  2 steam dragons (D:7)
  Edmund (D:6)
  A vampire mosquito (D:8)
  2 two-headed ogre zombies (D:12)
  An acid dragon (D:11)
  A water moccasin (D:9)
  3 orc warriors
  3 ice beasts
  A sky beast (D:7)
  2 ogres
  3 wolves (D:8)
  6 centaurs
  A phantom (D:12)
  Blork the orc (D:4)
  7 bullfrogs
  2 gnoll sergeants
  5 scorpions
  A wight (D:8)
  3 troll zombies (D:12)
  3 howler monkeys
  5 jellies
  2 hounds
  3 gnoll boudas
  5 orc priests
  5 sleepcaps
  10 orc wizards
  Natasha (D:4)
  2 iguanas (D:7)
  3 ogre zombies (D:12)
  19 gnolls
  5 adders
  A shadow imp (D:6)
  3 white imps
  2 ufetubi
  A worm (D:4)
  A dart slug (D:1)
  48 orcs
  8 bats
  6 endoplasms
  2 giant cockroaches
  9 goblins
  6 hobgoblins
  3 jackals (D:5)
  6 quokkas
  8 ball pythons
  2 frilled lizards
  6 goblin zombies (D:12)
  2 hobgoblin skeletons (D:12)
  6 hobgoblin zombies (D:12)
  6 kobolds
  An orc skeleton (D:12)
  10 orc zombies (D:12)
  5 rats
298 creatures vanquished.

Vanquished Creatures (others)
  A butterfly (D:4)
  6 fulminant prisms
7 creatures vanquished.

Grand Total: 305 creatures vanquished

Notes
Turn   | Place    | Note
-------+----------+-------------------------------------------
     0 | D:1      | NotreDorf the Merfolk Hedge Wizard began the quest for the
                  | Orb.
     0 | D:1      | Reached XP level 1. HP: 13/13 MP: 4/4
    73 | D:1      | Reached skill level 1 in Conjurations
   172 | D:1      | Reached skill level 3 in Dodging
   172 | D:1      | Reached XP level 2. HP: 19/19 MP: 3/6
   242 | D:1      | Learned a level 2 spell: Blink
   891 | D:2      | Reached XP level 3. HP: 24/24 MP: 5/7
  1130 | D:2      | Found Qumek's Antique Armour Shop.
  1136 | D:2      | Found a broken altar of Ashenzari.
  2302 | D:3      | Reached skill level 1 in Short Blades
  2302 | D:3      | Reached XP level 4. HP: 28/31 MP: 4/9
  2320 | D:3      | Reached skill level 1 in Fighting
  2450 | D:3      | Found Saif's Distillery.
  2453 | D:3      | Bought a potion of berserk rage for 60 gold pieces
  2480 | D:3      | Reached skill level 4 in Dodging
  2575 | D:3      | Found Zin's Purification Station.
  2580 | D:3      | Found a glowing silver altar of Zin.
  2708 | D:3      | Learned a level 3 spell: Mephitic Cloud
  2792 | D:3      | Reached XP level 5. HP: 36/37 MP: 10/10
  3642 | D:4      | Noticed an ogre
  3652 | D:4      | Killed an ogre
  3653 | D:4      | Reached XP level 6. HP: 21/44 MP: 2/12
  3786 | D:4      | Noticed Natasha
  3796 | D:4      | Killed Natasha
  3843 | D:4      | Found a white marble altar of Elyvilon.
  3956 | D:4      | Noticed Blork the orc
  3991 | D:4      | Killed Blork the orc
  4251 | D:4      | Reached skill level 5 in Dodging
  4621 | D:4      | Reached XP level 7. HP: 51/51 MP: 8/13
  4972 | D:5      | Entered Level 5 of the Dungeon
  5149 | D:5      | Found a runed translucent gate.
  5149 | D:5      | Found a runed translucent gate.
  5237 | D:5      | Reached skill level 1 in Polearms
  5420 | D:5      | Found a staircase to the Ecumenical Temple.
  5428 | Temple   | Entered the Ecumenical Temple
  5433 | Temple   | Became a worshipper of Vehumet
  5440 | Temple   | Learned a level 4 spell: Iskenderun's Mystic Blast
  5537 | D:5      | Found a runed translucent gate.
  5541 | D:5      | Noticed leafyfresh's ghost (novice GnDe)
  5545 | D:5      | Identified the +1 scale mail of the Moon {+Inv rF+}
  6052 | D:6      | Reached XP level 8. HP: 28/60 MP: 15/15
  6198 | D:6      | Found a blossoming altar of Fedhas.
  6244 | D:6      | Reached skill level 6 in Dodging
  6603 | D:6      | Reached skill level 5 in Spellcasting
  7063 | D:6      | Noticed Edmund
  7093 | D:6      | Killed Edmund
  7437 | D:6      | Learned a level 1 spell: Magic Dart
  7555 | D:7      | Reached skill level 7 in Dodging
  7569 | D:7      | Noticed a purple ugly thing
  7612 | D:7      | Found a transporter.
  7612 | D:7      | Found a one-way gate to the infinite horrors of the Abyss.
  7612 | D:7      | Noticed suzumiya's ghost (novice MiFi)
  7616 | D:7      | Found a transporter.
  7657 | D:7      | Reached XP level 9. HP: 65/67 MP: 14/17
  7715 | D:7      | Reached skill level 5 in Fighting
  7932 | D:7      | Reached * piety under Vehumet
  7932 | D:7      | Offered knowledge of Kiss of Death by Vehumet.
  7956 | D:7      | Reached skill level 5 in Polearms
  7991 | D:7      | HP: 3/68 [something (6)]
  8138 | D:7      | Found a runed translucent door.
  8457 | D:7      | Reached ** piety under Vehumet
  8576 | D:8      | Offered knowledge of Poisonous Vapours by Vehumet.
  8577 | D:8      | Reached skill level 8 in Dodging
  8580 | D:8      | Learned a level 2 spell: Poisonous Vapours
  8843 | D:8      | Found an ornate altar of the Wu Jian Council.
  8851 | D:8      | Found a bloodstained altar of Trog.
  8872 | D:8      | Found an iron altar of Okawaru.
  8941 | D:8      | Reached skill level 5 in Conjurations
  8941 | D:8      | Reached skill level 1 in Poison Magic
  9034 | D:8      | Noticed Maggie
  9035 | D:8      | Noticed Maurice
  9053 | D:8      | Killed Maurice
  9063 | D:8      | Killed Maggie
  9064 | D:8      | Reached XP level 10. HP: 64/77 MP: 16/19
  9145 | D:8      | Noticed Grum
  9168 | D:8      | Killed Grum
  9244 | D:8      | Noticed a purple ugly thing
  9266 | D:8      | Killed a purple ugly thing
  9267 | D:8      | Reached skill level 9 in Dodging
  9845 | D:9      | Found a viscous altar of Jiyva.
  9852 | D:9      | Offered knowledge of Inner Flame by Vehumet.
  9902 | D:9      | Identified the amulet "Noaghimm" {Faith +Inv Dex+2 Stlth+}
 10003 | D:9      | Reached *** piety under Vehumet
 10213 | D:9      | Found a hazy altar of Hepliaklqana.
 10259 | D:9      | Found a shimmering blue altar of Sif Muna.
 10268 | D:9      | Found a burning altar of Makhleb.
 10326 | D:10     | Entered Level 10 of the Dungeon
 10424 | D:10     | Noticed an oklob plant
 10429 | D:10     | Noticed an oklob plant
 10446 | D:10     | Found a staircase to the Lair.
 10474 | D:10     | Killed an oklob plant
 10475 | D:10     | Reached XP level 11. HP: 43/84 MP: 21/21
 10620 | D:10     | Killed an oklob plant
 10621 | D:10     | Reached skill level 10 in Dodging
 10754 | Lair:1   | Entered Level 1 of the Lair of Beasts
 10754 | Lair:1   | Noticed Fannar
 10770 | D:10     | Killed Fannar
 10825 | D:10     | Found a stormy altar of Qazlal.
 10869 | D:10     | Found Jeafra's Antique Weapon Boutique.
 10935 | D:10     | Noticed a vault guard
 10942 | D:10     | Killed a vault guard
 10943 | D:10     | Reached skill level 5 in Poison Magic
 10969 | D:10     | Found a portal to a secret trove of treasure.
 11227 | D:11     | Offered knowledge of Stone Arrow by Vehumet.
 11237 | D:11     | Learned a level 4 spell: Fulminant Prism
 11699 | D:11     | Noticed Sonja
 11707 | D:11     | Killed Sonja
 11791 | D:11     | You fall into a shaft and drop 1 floor!
 11801 | D:12     | Noticed a brown ugly thing
 11935 | D:11     | Reached **** piety under Vehumet
 12206 | D:12     | Noticed a boulder beetle
 12241 | D:12     | Killed a boulder beetle
 12242 | D:12     | Reached skill level 11 in Dodging
 12242 | D:12     | Reached XP level 12. HP: 28/94 MP: 18/24
 12511 | D:12     | Offered knowledge of Irradiate by Vehumet.
 12607 | D:12     | Found a staircase to the Orcish Mines.
 13152 | D:12     | Reached skill level 10 in Polearms
 13166 | D:12     | Slain by a skeletal warrior

Illustrated notes

Levels and vault maps discovered:
D:1:      heliophobic_arrival_enchanted_forest, layout_rooms
D:2:      layout_loops_corners, serial_shops,
          nicolae_shop_temple_entry_statues_fountains, basic_altar,
          minmay_misc_feat_room
D:3:      layout_basic, zin_purify, serial_shops, nicolae_shop_real_fake_doors,
          kennysheep_generic_room_10
D:4:      layout_loops_corners, nicolae_elyvilon_peaceful_grove,
          grunt_ministairs_4, wad_orctagon, uniq_natasha, uniq_blork_the_orc
D:5:      layout_rooms, minmay_temple_entry_trees, biasface_ghost_orc_armoury
D:6:      layout_loops_ring, marbit_many_paths, kennysheep_boxes, uniq_edmund
D:7:      layout_loops_ring, gammafunk_ghost_abyssal_escape,
          lightli_church_of_beogh
D:8:      minmay_chambers_of_sixes, layout_basic,
          chequers_temple_overflow_statue_of_worship, uniq_maggie, uniq_grum,
          uniq_maurice
D:9:      layout_roguey, nicolae_hepliaklqana_hippocampus,
          mainiacjoe_overflow_swirl, jiyva_altar_1
D:10:     layout_rooms, mainiacjoe_overflow_paths, dpeg_oklobed_lair,
          enter_trove_5, serial_shops, kennysheep_mini_moat
D:11:     layout_long_grid, uniq_sonja
D:12:     layout_loops_ring, zombieorc2_lemuel
Temple:   nicolae_temple_ecumenical_triangle
Lair:1:   layout_cave_pods, chequers_serial_rivers_micro_e, serial_bayou_pond_b,
          nicolae_lair_lil_pond, lemuel_fruit_fields, infiniplex_staircase_pool,
          lemuel_fruit_fields, uniq_fannar

Skill      XL: |  1  2  3  4  5  6  7  8  9 10 11 12 |
---------------+-------------------------------------+-----
Conjurations   | 1 2 3 4 5 6 7 |  7.1
Dodging        | 3 4 5 7 8 9 11 | 11.4
Short Blades   | 1 2 3 |  3.3
Fighting       | 1 2 3 4 6 7 8 9 |  9.1
Spellcasting   | 4 5 6 7 8 |  8.4
Polearms       | 2 4 6 7 9 10 | 10.0
Poison Magic   | 2 4 6 |  6.6
Stealth        | |  2.1
Summonings     | |  1.0
Translocations | |  0.7

Action                     |  1- 3 |  4- 6 |  7- 9 | 10-12 || total
---------------------------+-------+-------+-------+-------++-------
  Melee: Dagger            |    45 |   119 |    37 |       ||   201
         Trident           |       |       |   233 |       ||   233
         Punch             |       |       |     5 |     2 ||     7
         Halberd           |       |       |   188 |       ||   188
         Lance             |       |       |    31 |   728 ||   759
         Unarmed           |       |       |       |     1 ||     1
   Cast: Magic Dart        |    85 |    49 |    85 |     1 ||   220
         Mephitic Cloud    |       |     5 |    14 |     9 ||    28
         Poisonous Vapours |       |       |       |    10 ||    10
         Fulminant Prism   |       |       |       |     6 ||     6
         Iskenderun's Myst |       |       |       |     1 ||     1
  Evoke: Wand              |       |       |     1 |     8 ||     9
    Use: Scroll            |       |     6 |    15 |     3 ||    24
         Potion            |       |     1 |     3 |       ||     4
   Stab: Sleeping          |     2 |     1 |     1 |     3 ||     7
         Confused          |       |     1 |    16 |     6 ||    23
         Distracted        |       |       |       |     2 ||     2
 Armour: Robe              |    12 |    12 |    63 |       ||    87
         Steam dragon scal |       |       |    70 |    52 ||   122
         Troll leather arm |       |       |       |    72 ||    72
  Dodge: Dodged            |    33 |    62 |   318 |   267 ||   680
  Block: Buckler           |       |       |       |    45 ||    45
